 Dungeon Crawl Stone Soup version 0.15-a0-1485-g692b94f (console) character file.

256 Sabretooth the Scratcher (level 5, -11/24 HPs)
             Began as a Felid Fighter on June 14, 2014.
             Mangled by a mummy (17 damage)
             ... in an ossuary.
             The game lasted 00:10:30 (1845 turns).

Sabretooth the Scratcher (Felid Fighter)            Turns: 1845, Time: 00:10:30

HP -11/24        AC  1     Str 18      XL: 5   Next: 92%
MP  10/10        EV 19     Int  9      God:
Gold 49          SH  0     Dex 16      Spells:  0 memorised,  4 levels left
Lives: 0, deaths: 1

rFire  . . .     SeeInvis +       - Unarmed
rCold  . . .     Clarity  .     (armour unavailable)
rNeg   . . .     rCorr    .     (shield unavailable)
rPois  .         rRot     .     (helmet unavailable)
rElec  .         Spirit   .     (cloak unavailable)
SustAb .         Warding  .     (gloves unavailable)
rMut   .         Stasis   .     (boots unavailable)
Gourm  .                        (no amulet)
MR     .....                    (no ring)
                                q - cursed ring of loudness

@: mighty, quick, not resistant to hostile enchantments, very unstealthy
A: paw claws, no armour, no weapons or thrown items, fangs 3, see invisible,
carnivore 3, speed 1, shaggy fur 1, slow metabolism 1, jump 1
a: Jump Attack


You were in an ossuary.
You were not hungry.

You visited 1 branch of the dungeon, and saw 5 of its levels.
You also visited: Ossuary.

You collected 187 gold pieces.
You spent 138 gold pieces at shops.

Inventory:

Magical devices
 a - a wand of lightning (0)
 k - a wand of paralysis (0)
 o - a wand of draining (3)
Comestibles
 d - a meat ration
Scrolls
 b - 3 scrolls of amnesia
 c - a scroll of teleportation
 f - 4 scrolls of remove curse
 g - a scroll of fear {unknown}
 i - a scroll of identify
 n - a scroll of random uselessness {unknown}
 p - a scroll of blinking {unknown}
Jewellery
 q - a cursed ring of loudness (left paw)
Potions
 h - a potion of invisibility
 l - a potion of restore abilities


   Skills:
 - Level 3.0 Fighting
 - Level 4.0 Dodging
 + Level 7.2 Unarmed Combat
 - Level 3.1 Evocations


You had 4 spell levels left.
You didn't know any spells.

Dungeon Overview and Level Annotations

Branches:
Dungeon (5/15)
 Temple: D:4-7

Altars:
Makhleb
Okawaru
Yredelemnul
Zin

Shops:
D:5 [*

Annotations:
D:4 Edmund


Innate Abilities, Weirdness & Mutations

You cannot wear armour.
You are incapable of wielding weapons or throwing items.
Your paws have sharp claws.
You have razor-sharp teeth.
You have supernaturally acute eyesight.
You are carnivorous and can eat meat at any time.
You cover ground quickly.
You are covered in fur (AC +1).
You have a slow metabolism.
You can jump attack at a short distance.


Message History

You feel nervous for a moment...
The big kobold zombie barely misses you.
There is an empty arch of ancient stone here.
The mummy hits you!
A mummy comes into view.
You claw the big kobold zombie! You scratch the mummy.
The mummy is lightly damaged.
The big kobold zombie hits you.
You hear a distant blaring wail behind you!
You barely miss the mummy. Your bite misses the mummy.
The mummy is lightly damaged.
The mummy barely misses you.
You barely miss the mummy. You bite the mummy.
The mummy is moderately damaged.
The big kobold zombie hits you.
* * * LOW HITPOINT WARNING * * *
The mummy hits you!
Ouch! That really hurt!
You die...

.........
.........
........
......
#....#
#....#
#.M..#
#....#
#@...#
#.M..#
#ZM..#
#....#
#.∩∩.#
######


You could see 3 mummies and a big kobold zombie.

Vanquished Creatures
  An ice beast (D:5)
  An ogre (D:4)
  A hound (D:4)
  An orc wizard (D:3)
  2 mummies (Ossuary)
  A gnoll (D:5)
  3 adders
  A giant mite (D:4)
  An inept feature mimic (D:4)
  2 worms (D:4)
  6 orcs
  A bat skeleton (D:4)
  2 giant cockroaches
  9 hobgoblins
  7 kobolds
  3 bats (D:4)
  2 giant geckos
  2 giant newts
  A gnoll zombie (Ossuary)
  8 goblins
  A goblin zombie (D:5)
  4 hobgoblin zombies (Ossuary)
  An orc skeleton (D:4)
  2 orc zombies (Ossuary)
  6 rats
  A rat skeleton (D:4)
70 creatures vanquished.

Notes
Turn   | Place    | Note
--------------------------------------------------------------
     0 | D:1      | Sabretooth, the Felid Fighter, began the quest for the Orb.
     0 | D:1      | Reached XP level 1. HP: 10/10 MP: 2/2
   162 | D:1      | Reached XP level 2. HP: 1/14 MP: 3/3
   558 | D:3      | Reached skill level 5 in Unarmed Combat
   558 | D:3      | Reached XP level 3. HP: 17/17 MP: 5/5
   719 | D:3      | Reached XP level 4. HP: 19/21 MP: 7/7
   890 | D:4      | Noticed an ogre
   905 | D:4      | Killed an ogre
   905 | D:4      | Reached skill level 6 in Unarmed Combat
   905 | D:4      | Reached XP level 5. HP: 24/24 MP: 7/9
   979 | D:4      | Found a staircase to the Ecumenical Temple.
   985 | D:4      | the staircase to the Ecumenical Temple was a mimic.
  1236 | D:4      | Noticed Edmund
  1364 | D:5      | Entered Level 5 of the Dungeon
  1364 | D:5      | Found Kan Rij's Assorted Antiques.
  1376 | D:5      | Bought an encrusted diamond ring for 115 gold pieces
  1376 | D:5      | Bought a scroll labeled SEISEICSE for 23 gold pieces
  1386 | D:5      | Found a staircase to the Ecumenical Temple.
  1386 | D:5      | Found an iron altar of Okawaru.
  1395 | D:5      | Found Tid Twoa's Armour Emporium.
  1413 | D:5      | the staircase to the Ecumenical Temple was a mimic.
  1466 | D:5      | HP: 1/24 [orc wizard/magic dart (10)]
  1468 | D:5      | Killed from afar by an orc wizard
  1469 | D:5      | Reached XP level 4. HP: -7/21 MP: 9/9
  1469 | D:5      | Found a basalt altar of Yredelemnul.
  1469 | D:5      | Noticed an ice beast
  1487 | D:5      | Killed an ice beast
  1487 | D:5      | Reached skill level 7 in Unarmed Combat
  1487 | D:5      | Reached XP level 5. HP: 11/24 MP: 10/10
  1565 | D:5      | Found a burning altar of Makhleb.
  1567 | D:5      | Found a glowing silver altar of Zin.
  1587 | D:5      | Found a sand-covered staircase.
  1601 | Ossuary  | Entered an ossuary
  1845 | Ossuary  | Mangled by a mummy

Action                   |  1- 3 |  4- 6 || total
-------------------------+-------+-------++-------
Melee: Unarmed           |    78 |   121 ||   199
Evoke: Wand              |     2 |    10 ||    12
  Use: Scroll            |       |     6 ||     6
       Potion            |       |     3 ||     3
 Stab: Sleeping          |     2 |     2 ||     4
       Paralysed         |     8 |     3 ||    11
